 Dungeon Crawl Stone Soup version 0.25.0-11-g1f837a76a1 (webtiles) character file.

Game seed: 13802993451444532435

289 protoss039 the Magician (level 6, -2/32 HPs)
             Began as a Deep Elf Earth Elementalist on June 28, 2020.
             Slain by an ogre
             ... wielding a +0 giant spiked club
              (34 damage)
             ... on level 5 of the Dungeon.
             The game lasted 00:07:44 (3557 turns).

protoss039 the Magician (DEEE)                      Turns: 3557, Time: 00:07:45

Health: -2/32      AC:  5    Str:  5    XL:     6   Next: 9%
Magic:  20/26      EV: 13    Int: 22    God:
Gold:   150        SH:  0    Dex: 15    Spells: 11/17 levels left

rFire    . . .     SeeInvis .   k - +2 mace (protect)
rCold    . . .     Gourm    .   (no shield)
rNeg     . . .     Faith    .   c - +0 robe
rPois    .         Spirit   .   a - +0 helmet
rElec    .         Reflect  .   u - +0 cloak (curse)
rCorr    .         Harm     .   (no gloves)
MR       .....                  t - +0 pair of boots
Stlth    ++........             (no amulet)
HPRegen  0.10/turn              g - ring of magical power
MPRegen  0.20/turn              (no ring)

@: no status effects
A: no striking features
a: no special abilities


You were on level 5 of the Dungeon.
You were hungry.

You visited 1 branch of the dungeon, and saw 5 of its levels.

You collected 150 gold pieces.

Inventory:

Hand Weapons
 k - a +2 mace of protection (weapon)
Missiles
 b - 112 stones (quivered)
Armour
 a - a +0 helmet (worn)
 c - a +0 robe (worn)
 q - +0 fire dragon scales
 t - a +0 pair of boots (worn)
 u - a cursed +0 cloak (worn)
Jewellery
 g - a ring of magical power (left hand)
 o - an uncursed amulet of reflection {unknown}
Scrolls
 f - 6 scrolls of identify {unknown}
 h - 4 scrolls of teleportation {unknown}
 j - a scroll of fog {unknown}
 l - a scroll of fear {unknown}
 n - a scroll of amnesia {unknown}
 s - a scroll of remove curse {unknown}
Potions
 e - 2 potions of invisibility {unknown}
 i - a potion of degeneration {unknown}
 m - a potion of stabbing {unknown}
 p - 2 potions of might {unknown}
 r - a potion of curing {unknown}
Comestibles
 d - 7 rations


   Skills:
 - Level 0.1 Maces & Flails
 - Level 2.4 Dodging
 - Level 2.4 Stealth
 * Level 6.4 Spellcasting
 + Level 1.1 Transmutations
 * Level 5.7 Earth Magic


You had 11 spell levels left.
You knew the following spells:

 Your Spells              Type           Power        Failure   Level  Hunger
a - Sandblast             Erth           ####..       1%          1    None
b - Passwall              Tmut/Erth      ###.....     3%          2    None
c - Stone Arrow           Conj/Erth      ###...       8%          3    #......

Your spell library contained the following spells:

 Spells                   Type           Power        Failure   Level  Hunger
 Petrify                  Tmut/Erth      ###.....     22%         4    ###....
 Lee's Rapid Deconstruct  Erth           ####......   22%         5    #####..


Dungeon Overview and Level Annotations

Branches:
Dungeon (4/15)
 Temple: D:4-7

Altars:
Cheibriados
Elyvilon
Makhleb
Okawaru
The Shining One


Message History

The stone arrow hits the ogre.
The ogre is moderately wounded.
Casting: Stone Arrow (quite dangerous; 8% risk of failure)
Confirm with . or Enter, or press ? or * to list all spells.
Aiming: Sandblast (safe; 1% risk of failure)
Press: ? - help, Shift-Dir - straight line, f/p - ogre
Aim: an ogre, wielding a +0 giant spiked club (moderately wounded)
The blast of sand misses the ogre.
b - 113 stones
Casting: Sandblast (safe; 1% risk of failure)
Confirm with . or Enter, or press ? or * to list all spells.
Aiming: Sandblast (safe; 1% risk of failure)
Press: ? - help, Shift-Dir - straight line, f/p - ogre
Aim: an ogre, wielding a +0 giant spiked club (moderately wounded)
The blast of sand hits the ogre.
The ogre is moderately wounded.
b - 112 stones The ogre hits you with a +0 giant spiked club!!
Ouch! That really hurt!
You die...

## ##### ##
...#..#.#.
.#....#.####
#..#.....#.#
#.......## #
#.###.....#.#
###.O@.#
######


You could see an ogre.

Vanquished Creatures
  A crimson imp (D:5)
  A hound (D:3)
  An orc priest (D:3)
  An orc wizard (D:2)
  6 gnolls
  3 adders
  2 oozes (D:1)
  A worm (D:3)
  2 dart slugs (D:1)
  A leopard gecko (D:2)
  9 orcs
  2 giant cockroaches (D:2)
  5 hobgoblins
  5 jackals
  A quokka (D:3)
  9 bats
  2 frilled lizards
  7 goblins
  4 kobolds (D:1)
  3 rats
66 creatures vanquished.

Notes
Turn   | Place    | Note
-------+----------+-------------------------------------------
     0 | D:1      | protoss039 the Deep Elf Earth Elementalist began the quest
                  | for the Orb.
     0 | D:1      | Reached XP level 1. HP: 10/10 MP: 6/6
   296 | D:1      | Reached XP level 2. HP: 15/15 MP: 6/8
   565 | D:1      | Reached XP level 3. HP: 9/19 MP: 5/10
  1121 | D:1      | Learned a level 2 spell: Passwall
  1246 | D:2      | Reached skill level 4 in Spellcasting
  1288 | D:2      | Found a white marble altar of Elyvilon.
  1338 | D:2      | Reached XP level 4. HP: 24/24 MP: 7/12
  1609 | D:2      | Found a glowing golden altar of the Shining One.
  1610 | D:2      | Found an iron altar of Okawaru.
  1615 | D:2      | Found a snail-covered altar of Cheibriados.
  2054 | D:2      | Reached skill level 5 in Spellcasting
  2054 | D:2      | Reached skill level 5 in Earth Magic
  2386 | D:3      | Reached XP level 5. HP: 24/28 MP: 12/14
  2712 | D:3      | Found a burning altar of Makhleb.
  2719 | D:3      | Learned a level 3 spell: Stone Arrow
  2852 | D:3      | Reached skill level 6 in Spellcasting
  3548 | D:4      | You fall into a shaft and drop 1 floor!
  3548 | D:5      | Entered Level 5 of the Dungeon
  3549 | D:5      | Noticed an ogre
  3552 | D:5      | Reached XP level 6. HP: 32/32 MP: 17/17
  3557 | D:5      | Slain by an ogre

Illustrated notes

Levels and vault maps discovered:
D:1:      roderic_crossed_star, layout_basic, hangedman_decor_push
D:2:      layout_loops_ring, overflow_temple_1_default, minitemple,
          roderic_serpentine_path, kennysheep_boxes
D:3:      layout_basic, makhleb_heckhound_becter
D:4:      layout_gridville, old_standard_altar, first_ration
D:5:      wad_crossroads, layout_basic, dancing_weapons_uskayaw,
          minmay_temple_entry_statues_fountains

Skill      XL: |  1  2  3  4  5 |
---------------+----------------+-----
Earth Magic    | 4 5 |  5.7
Spellcasting   | 4 5 6 |  6.4
Maces & Flails | |  0.1
Dodging        | |  2.4
Stealth        | |  2.4
Transmutations | |  1.1

Action                   |  1- 3 |  4- 6 || total
-------------------------+-------+-------++-------
Melee: Unarmed           |     1 |       ||     1
       Mace              |     8 |    21 ||    29
 Cast: Sandblast         |    30 |    49 ||    79
       Stone Arrow       |       |     6 ||     6
 Stab: Sleeping          |       |     1 ||     1
  Eat: Chunk             |     1 |     6 ||     7
Armor: Robe              |     8 |     8 ||    16
Dodge: Dodged            |    29 |    29 ||    58
